[ PARTIDA AOE2 · #495745626 ]
UnrankedMuiscas vs Malay
Equipo del jugador · DERR
Equipo rival · VICT
[ ANÁLISIS DE REPETICIÓN · EXTRAÍDO DE LA PARTIDA GRABADA ]
Feudal
9:18
Castillos
21:02
Imperial
—
| APM promedio | 27.2 |
| APM pico | 48 |
| eAPM promedio | 14.5 |
| Aldeanos / militares | 83 / 34 |
Foco
⚔️ 34.2% · 🌾 65.8%
Archer ×17 · Scorpion ×6 · Spearman ×6 · Unknown (2586) ×6 · Monk ×2 · Mangonel ×2
Feudal
8:24
Castillos
19:02
Imperial
33:19
| APM promedio | 59.5 |
| APM pico | 106 |
| eAPM promedio | 19.6 |
| Aldeanos / militares | 122 / 79 |
Foco
⚔️ 34.9% · 🌾 65.1%
Archer ×63 · Monk ×7 · Scout Cavalry ×5 · Mangonel ×4
Mapa de la partida
Recursos iniciales + cada clic de construcción. Líneas = muros · curvas = relieve. ◆ oro · ⬟ piedra · ● bayas · ✦ reliquia · ◌ hueco del cierre
Tu base· ✓ Cerrada en 21:02 · 24t muro · 1 puerta(s)
Base de Panelo· Abierta — flanco sin cerrar
Terreno inicial suavizado · ◌ = hueco del cierre detectado · pasá el cursor para detalles
Inputs por minuto
— RealTHF - - Panelo
Build order — RealTHF
Primeras 150 de 220 acciones detectadas
| 0:00 | Crear | Villager (Male) |
| 0:01 | Crear | Villager (Male) |
| 0:02 | Construir | House |
| 0:03 | Construir | House |
| 0:30 | Crear | Villager (Male) |
| 0:30 | Crear | Villager (Male) |
| 1:38 | Crear | Villager (Male) |
| 1:48 | Construir | Settlement |
| 2:07 | Crear | Villager (Male) |
| 2:07 | Crear | Villager (Male) |
| 2:21 | Crear | Villager (Male) |
| 2:22 | Crear | Villager (Male) |
| 2:58 | Crear | Villager (Male) |
| 3:09 | Crear | Villager (Male) |
| 3:47 | Crear | Villager (Male) |
| 3:47 | Crear | Villager (Male) |
| 3:56 | Crear | Villager (Male) |
| 4:34 | Crear | Villager (Male) |
| 4:35 | Crear | Villager (Male) |
| 4:35 | Crear | Villager (Male) |
| 4:43 | Crear | Villager (Male) |
| 4:44 | Crear | Villager (Male) |
| 5:33 | Crear | Villager (Male) |
| 6:01 | Construir | Settlement |
| 6:08 | Crear | Villager (Male) |
| 6:09 | Crear | Villager (Male) |
| 6:09 | Crear | Villager (Male) |
| 6:28 | Investigar | Loom |
| 7:06 | Investigar | Feudal Age |
| 7:40 | Construir | Barracks |
| 8:42 | Construir | Palisade Wall |
| 8:44 | Construir | House |
| 8:48 | Crear | Villager (Male) |
| 8:49 | Crear | Villager (Male) |
| 9:18 | Edad | Edad Feudal |
| 9:20 | Construir | Archery Range |
| 9:29 | Investigar | Double-Bit Axe |
| 9:32 | Investigar | Horse Collar |
| 9:42 | Construir | Farm |
| 10:03 | Construir | Farm |
| 10:05 | Crear | Villager (Male) |
| 10:20 | Crear | Skirmisher |
| 10:34 | Crear | Spearman |
| 10:35 | Crear | Spearman |
| 11:01 | Crear | Villager (Male) |
| 11:08 | Construir | Farm |
| 11:09 | Construir | Farm |
| 11:10 | Construir | Farm |
| 11:21 | Crear | Spearman |
| 11:37 | Crear | Villager (Male) |
| 11:45 | Construir | Farm |
| 11:47 | Construir | Farm |
| 11:52 | Crear | Villager (Male) |
| 12:17 | Crear | Villager (Male) |
| 12:44 | Construir | Farm |
| 12:46 | Construir | Farm |
| 12:53 | Crear | Villager (Male) |
| 12:53 | Crear | Villager (Male) |
| 12:56 | Construir | House |
| 12:58 | Investigar | Wheelbarrow |
| 13:08 | Crear | Spearman |
| 13:31 | Construir | Farm |
| 13:41 | Crear | Villager (Male) |
| 13:52 | Construir | House |
| 13:54 | Construir | Palisade Wall |
| 14:22 | Construir | Market |
| 14:25 | Construir | Palisade Wall |
| 14:31 | Crear | Villager (Male) |
| 14:52 | Crear | Villager (Male) |
| 15:10 | Crear | Villager (Male) |
| 15:30 | Construir | Palisade Wall |
| 15:31 | Construir | Palisade Wall |
| 15:36 | Crear | Villager (Male) |
| 15:47 | Crear | Spearman |
| 15:57 | Construir | Blacksmith |
| 15:59 | Crear | Villager (Male) |
| 16:02 | Crear | Spearman |
| 16:04 | Construir | Farm |
| 16:05 | Construir | Farm |
| 16:27 | Construir | Palisade Wall |
| 16:53 | Crear | Villager (Male) |
| 16:53 | Crear | Villager (Male) |
| 17:15 | Construir | Farm |
| 17:17 | Construir | Farm |
| 17:30 | Crear | Villager (Male) |
| 17:49 | Construir | Palisade Gate |
| 17:50 | Construir | House |
| 17:51 | Construir | House |
| 17:52 | Construir | House |
| 17:56 | Investigar | Town Watch |
| 18:07 | Investigar | Castle Age |
| 18:27 | Investigar | Fletching |
| 18:33 | Construir | Palisade Wall |
| 19:09 | Investigar | Gold Mining |
| 19:31 | Crear | Villager (Male) |
| 19:38 | Construir | Farm |
| 19:40 | Construir | Farm |
| 19:41 | Construir | Farm |
| 20:22 | Investigar | Padded Archer Armor |
| 20:26 | Crear | Archer |
| 20:27 | Crear | Archer |
| 20:49 | Investigar | Stone Mining |
| 21:02 | Edad | Edad de los Castillos |
| 21:24 | Crear | Villager (Male) |
| 21:25 | Crear | Villager (Male) |
| 21:36 | Crear | Archer |
| 21:37 | Investigar | Bodkin Arrow |
| 21:46 | Construir | Monastery |
| 22:04 | Crear | Villager (Male) |
| 22:10 | Investigar | Crossbowman (upgrade) |
| 22:25 | Crear | Villager (Male) |
| 22:50 | Crear | Archer |
| 22:52 | Crear | Villager (Male) |
| 23:03 | Crear | Archer |
| 23:07 | Investigar | Leather Archer Armor |
| 23:08 | Crear | Villager (Male) |
| 23:21 | Crear | Archer |
| 23:30 | Construir | Palisade Wall |
| 23:42 | Construir | Siege Workshop |
| 23:47 | Crear | Villager (Male) |
| 23:48 | Crear | Archer |
| 24:04 | Crear | Villager (Male) |
| 24:09 | Construir | Farm |
| 24:11 | Crear | Mangonel |
| 24:20 | Construir | House |
| 24:25 | Investigar | Town Patrol |
| 24:41 | Investigar | Hand Cart |
| 25:04 | Construir | House |
| 25:05 | Construir | House |
| 25:19 | Crear | Villager (Male) |
| 25:19 | Crear | Archer |
| 25:21 | Crear | Scorpion |
| 25:30 | Crear | Villager (Male) |
| 25:46 | Construir | Palisade Gate |
| 25:48 | Construir | Farm |
| 25:51 | Construir | Farm |
| 25:55 | Crear | Archer |
| 25:57 | Crear | Villager (Male) |
| 26:01 | Construir | House |
| 26:02 | Construir | House |
| 26:03 | Construir | House |
| 26:04 | Construir | House |
| 26:26 | Crear | Villager (Male) |
| 26:29 | Investigar | Bow Saw |
| 26:50 | Crear | Archer |
| 27:02 | Construir | Town Center |
| 27:07 | Construir | Farm |
| 27:10 | Crear | Villager (Male) |
| 27:16 | Crear | Archer |
| 27:23 | Crear | Scorpion |
Build order — Panelo
Primeras 150 de 330 acciones detectadas
| 0:00 | Crear | Villager (Male) |
| 0:01 | Crear | Villager (Male) |
| 0:01 | Crear | Villager (Male) |
| 0:01 | Crear | Villager (Male) |
| 0:02 | Crear | Villager (Male) |
| 0:03 | Construir | House |
| 0:04 | Construir | House |
| 1:39 | Crear | Villager (Male) |
| 1:51 | Construir | Lumber Camp |
| 2:04 | Crear | Villager (Male) |
| 2:23 | Crear | Villager (Male) |
| 2:37 | Crear | Villager (Male) |
| 2:55 | Crear | Villager (Male) |
| 2:56 | Crear | Villager (Male) |
| 3:30 | Crear | Villager (Male) |
| 3:46 | Crear | Villager (Male) |
| 3:52 | Construir | House |
| 3:52 | Construir | House |
| 4:11 | Crear | Villager (Male) |
| 4:24 | Crear | Villager (Male) |
| 4:36 | Crear | Villager (Male) |
| 5:18 | Crear | Villager (Male) |
| 5:32 | Construir | Mill |
| 5:37 | Investigar | Loom |
| 5:45 | Crear | Villager (Male) |
| 5:48 | Investigar | Loom |
| 6:57 | Investigar | Feudal Age |
| 7:08 | Construir | Barracks |
| 7:30 | Construir | House |
| 7:40 | Crear | Villager (Male) |
| 8:12 | Construir | House |
| 8:20 | Crear | Villager (Male) |
| 8:24 | Edad | Edad Feudal |
| 8:33 | Construir | Stable |
| 8:52 | Crear | Villager (Male) |
| 8:54 | Investigar | Double-Bit Axe |
| 9:05 | Construir | Farm |
| 9:14 | Crear | Scout Cavalry |
| 9:34 | Construir | Palisade Wall |
| 9:38 | Crear | Scout Cavalry |
| 9:43 | Construir | Farm |
| 9:46 | Crear | Villager (Male) |
| 9:53 | Construir | Palisade Wall |
| 10:07 | Construir | Palisade Gate |
| 10:08 | Construir | House |
| 10:13 | Crear | Villager (Male) |
| 10:46 | Crear | Scout Cavalry |
| 10:58 | Crear | Villager (Male) |
| 11:00 | Construir | Farm |
| 11:01 | Construir | Farm |
| 11:07 | Crear | Scout Cavalry |
| 11:10 | Construir | Farm |
| 11:26 | Construir | House |
| 11:28 | Construir | Palisade Wall |
| 11:29 | Construir | Palisade Wall |
| 11:34 | Crear | Villager (Male) |
| 11:35 | Crear | Villager (Male) |
| 11:37 | Construir | Farm |
| 11:49 | Construir | Palisade Wall |
| 11:59 | Crear | Villager (Male) |
| 12:14 | Crear | Villager (Male) |
| 12:15 | Construir | Farm |
| 12:24 | Crear | Villager (Male) |
| 12:46 | Crear | Villager (Male) |
| 12:48 | Construir | Farm |
| 12:52 | Construir | Farm |
| 13:00 | Construir | Farm |
| 13:11 | Crear | Villager (Male) |
| 13:14 | Construir | House |
| 13:30 | Crear | Villager (Male) |
| 13:31 | Construir | Farm |
| 13:45 | Crear | Villager (Male) |
| 13:47 | Construir | Mining Camp |
| 13:54 | Crear | Scout Cavalry |
| 14:06 | Construir | House |
| 14:10 | Crear | Villager (Male) |
| 14:15 | Construir | House |
| 14:24 | Crear | Villager (Male) |
| 14:33 | Investigar | Wheelbarrow |
| 14:37 | Construir | Farm |
| 14:51 | Construir | House |
| 14:55 | Crear | Villager (Male) |
| 15:13 | Construir | Lumber Camp |
| 15:36 | Crear | Villager (Male) |
| 15:41 | Construir | Farm |
| 15:48 | Crear | Villager (Male) |
| 15:57 | Construir | Farm |
| 16:17 | Crear | Villager (Male) |
| 16:20 | Construir | House |
| 16:39 | Crear | Villager (Male) |
| 16:43 | Construir | Blacksmith |
| 17:01 | Crear | Villager (Male) |
| 17:11 | Construir | Archery Range |
| 17:26 | Investigar | Castle Age |
| 17:31 | Construir | House |
| 17:32 | Construir | House |
| 17:39 | Investigar | Horse Collar |
| 17:59 | Investigar | Fletching |
| 18:07 | Construir | Archery Range |
| 18:16 | Crear | Archer |
| 18:34 | Construir | House |
| 18:35 | Construir | House |
| 18:41 | Crear | Archer |
| 18:42 | Crear | Archer |
| 18:54 | Construir | Lumber Camp |
| 18:59 | Crear | Villager (Male) |
| 19:02 | Edad | Edad de los Castillos |
| 19:07 | Investigar | Crossbowman (upgrade) |
| 19:12 | Investigar | Bow Saw |
| 19:15 | Crear | Archer |
| 19:15 | Crear | Archer |
| 19:26 | Crear | Villager (Male) |
| 19:31 | Crear | Archer |
| 19:34 | Investigar | Crossbowman (upgrade) |
| 19:37 | Construir | Farm |
| 19:48 | Construir | Farm |
| 20:02 | Crear | Archer |
| 20:03 | Crear | Villager (Male) |
| 20:04 | Construir | Farm |
| 20:07 | Construir | Farm |
| 20:12 | Investigar | Padded Archer Armor |
| 20:17 | Construir | Farm |
| 20:17 | Construir | Farm |
| 20:27 | Crear | Archer |
| 20:27 | Crear | Archer |
| 20:31 | Construir | Farm |
| 20:35 | Investigar | Bodkin Arrow |
| 20:42 | Construir | Farm |
| 20:47 | Crear | Villager (Male) |
| 20:52 | Crear | Archer |
| 20:52 | Crear | Archer |
| 21:00 | Crear | Villager (Male) |
| 21:01 | Construir | Farm |
| 21:14 | Crear | Archer ×3 |
| 21:30 | Crear | Villager (Male) |
| 21:36 | Construir | Town Center |
| 21:38 | Crear | Archer ×2 |
| 21:39 | Crear | Archer |
| 21:45 | Investigar | Padded Archer Armor |
| 21:46 | Crear | Archer |
| 21:46 | Crear | Archer |
| 21:52 | Crear | Villager (Male) |
| 21:59 | Construir | Farm |
| 22:00 | Crear | Villager (Male) |
| 22:02 | Crear | Villager (Male) |
| 22:10 | Crear | Archer |
| 22:10 | Crear | Archer |
| 22:18 | Crear | Villager (Male) |
| 22:37 | Crear | Archer |
| 22:37 | Crear | Archer |
Cronología de la partida
| 7:08 | Panelo · first_building Barracks |
| 7:40 | RealTHF · first_building Barracks |
| 8:24 | Panelo · age_up feudal |
| 8:33 | Panelo · first_building Stable |
| 8:42 | RealTHF · wall_segment Palisade Wall x4 |
| 9:18 | RealTHF · age_up feudal |
| 9:20 | RealTHF · first_building Archery Range |
| 9:34 | Panelo · wall_segment Palisade Wall x10 |
| 9:53 | Panelo · wall_segment Palisade Wall x16 |
| 11:28 | Panelo · wall_segment Palisade Wall x4 |
| 11:29 | Panelo · wall_segment Palisade Wall x1 |
| 11:49 | Panelo · wall_segment Palisade Wall x9 |
| 13:54 | RealTHF · wall_segment Palisade Wall x4 |
| 14:25 | RealTHF · wall_segment Palisade Wall x5 |
| 15:30 | RealTHF · wall_segment Palisade Wall x1 |
| 15:31 | RealTHF · wall_segment Palisade Wall x1 |
| 16:27 | RealTHF · wall_segment Palisade Wall x8 |
| 17:11 | Panelo · first_building Archery Range |
| 18:33 | RealTHF · wall_segment Palisade Wall x4 |
| 19:02 | Panelo · age_up castle |
| 21:02 | RealTHF · age_up castle |
| 21:46 | RealTHF · first_building Monastery |
| 22:58 | Panelo · first_building Monastery |
| 23:30 | RealTHF · wall_segment Palisade Wall x7 |
| 23:42 | RealTHF · first_building Siege Workshop |
| 24:10 | Panelo · first_building Siege Workshop |
| 30:42 | Panelo · first_market_sell 100 food |
| 33:19 | Panelo · age_up imperial |
| 33:53 | Panelo · first_building Castle |
| 34:43 | RealTHF · resign |
[ ANÁLISIS IA · 1 CRÉDITO ]
¿Qué pasó realmente en esta partida?
Wolo.gg analiza cada decisión: build order, eco, micro, errores típicos por bracket. Análisis personalizado por WhatsApp o Discord en 30 segundos.
Guía civ
Muiscas
Perfil
RealTHF